Workbook

Sheet ANEXO I
S1: ANEXO I DO QUINTO TERMO ADITIVO AO CONTRATO Nº 83/2011 DE PRESTAÇÃO DE SERVIÇOS DE APOIO ADMINISTRATIVO NAS ÁREAS DE OPERAÇÃO E MANUTENÇÃO CORRETIVA E PREVENTIVA EM EQUIPAMENTOS DE ÁUDIO E VÍDEO, QUE ENTRE SI CELEBRAM A UNIÃO, POR INTERMÉDIO DO SUPREMO TRIBUNAL FEDERAL, E A EMPRESA JME SERVIÇOS INTEGRADOS E EQUIPAMENTOS LTDA ME. (Pregão Presencial Nº 113/2011 – Processo 346.371).
A2: PLANILHA ESTIMATIVA DE CUSTOS - VIGÊNCIA DE 01 DE OUTUBRO DE 2014 A 30 DE NOVEMBRO DE 2014.
A3: Posto de Trabalho | C3: Carga Horária do posto de trabalho | D3: MONTANTE "A" | O3: Somatório Montantes "A" e "B" | P3: BDI Calculado sobre o somatório dos Montantes "A" e "B" | Q3: Total unitário mensal do posto de trabalho | R3: Total unitário anual do posto de trabalho | S3: Quantidade de horas anuais | T3: Valor da hora | U3: Quantidade de profissionais por posto de trabalho | V3: Total mensal estimado da Contratação | W3: Total anual estimado da contratação
D4: Salário | E4: Acúmulo de função | F4: Remuneração | G4: Encargos Sociais | H4: Total unitário montante "A" | I4: Vale Refeição | L4: Valor do vale transporte mensal - parte da empresa | M4: Uniforme | N4: Total unitário montante "B" | V4: Previsão Mensal Inicial | W4: Previsão Mensal Total
I5: Qtd de vale refeição fornecido | J5: Valor unitário do vale refeição | K5: Valor total do vale refeição
E7: 0.4 | G7: 0.699 | P7: =#REF! -> #REF!
A8: Operação de Áudio e Vídeo | C8: 36 horas | D8: =1619.92*1.056*1.057*1.0659 -> 1927.3 | E8: =D8*E7 -> 770.92 | F8: =D8+E8 -> 2698.22 | G8: =F8*$G$7 -> 1886.06 | H8: =SUM(F8:G8) -> 4584.28 | I8: 22 | J8: 16 | K8: =I8*J8 -> 352 | L8: =#REF! -> #REF! | M8: 119.13 | N8: =K8+L8+M8 -> #REF! | O8: =H8+N8 -> #REF! | P8: =O8*$P$7 -> #REF! | Q8: =O8+P8 -> #REF! | R8: =Q8*12 -> #REF! | S8: ='ANEXO II'!G20 -> 1670 | T8: =R8/S8 -> #REF! | U8: 18 | V8: =U8*Q8 -> #REF! | W8: =V8*12 -> #REF!
A9: Técnico de Manutenção Eletrônica | C9: 36 horas | D9: =2149.41*1.056*1.057*1.0659 -> 2557.26 | E9: 0 | F9: =D9+E9 -> 2557.26 | G9: =F9*$G$7 -> 1787.52 | H9: =SUM(F9:G9) -> 4344.78 | I9: 22 | J9: 16 | K9: =I9*J9 -> 352 | L9: =#REF! -> #REF! | M9: =M8 -> 119.13 | N9: =K9+L9+M9 -> #REF! | O9: =H9+N9 -> #REF! | P9: =O9*$P$7 -> #REF! | Q9: =O9+P9 -> #REF! | R9: =Q9*12 -> #REF! | S9: ='ANEXO II'!G20 -> 1670 | T9: =R9/S9 -> #REF! | U9: 2 | V9: =U9*Q9 -> #REF! | W9: =V9*12 -> #REF!
A10: Auxilio Técnico de Manutenção Eletrônica | C10: 36 horas | D10: =1468.95*1.056*1.057*1.0659 -> 1747.68 | E10: 0 | F10: =D10+E10 -> 1747.68 | G10: =F10*$G$7 -> 1221.63 | H10: =SUM(F10:G10) -> 2969.31 | I10: 22 | J10: 16 | K10: =I10*J10 -> 352 | L10: =#REF! -> #REF! | M10: =M8 -> 119.13 | N10: =K10+L10+M10 -> #REF! | O10: =H10+N10 -> #REF! | P10: =O10*$P$7 -> #REF! | Q10: =O10+P10 -> #REF! | R10: =Q10*12 -> #REF! | S10: ='ANEXO II'!G20 -> 1670 | T10: =R10/S10 -> #REF! | U10: 2 | V10: =U10*Q10 -> #REF! | W10: =V10*12 -> #REF!
A11: Supervisão | C11: 44 horas | D11: =2746.93*1.056*1.057*1.0659 -> 3268.16 | E11: 0 | F11: =D11+E11 -> 3268.16 | G11: =F11*$G$7 -> 2284.44 | H11: =SUM(F11:G11) -> 5552.6 | I11: 22 | J11: 16 | K11: =I11*J11 -> 352 | L11: =#REF! -> #REF! | M11: =M8 -> 119.13 | N11: =K11+L11+M11 -> #REF! | O11: =H11+N11 -> #REF! | P11: =O11*$P$7 -> #REF! | Q11: =O11+P11 -> #REF! | R11: =Q11*12 -> #REF! | S11: ='ANEXO II'!H20 -> 1980 | T11: =R11/S11 -> #REF! | U11: 1 | V11: =U11*Q11 -> #REF! | W11: =V11*12 -> #REF!
A12: Subtotal 1 | H12: =SUM(H8:H11) -> 17450.97 | N12: =SUM(N8:N11) -> #REF! | O12: =SUM(O8:O11) -> #REF! | U12: =SUM(U8:U11) -> 23 | V12: =SUM(V8:V11) -> #REF! | W12: =V12*12 -> #REF!
A13: I - AUXILIO FUNERAL - (Cláusula 24ª da CCT) - REEMBOLSO MEDIANTE APRESENTAÇÃO DE DOCUMENTO FISCAL DE PAGAMENTO | V13: 1000 | W13: =V13*12 -> 12000
A14: II - Reembolso Creche - (Cláusula 25ª da CCT) - REEMBOLSO MEDIANTE APRESENTAÇÃO DE DOCUMENTO FISCAL DE PAGAMENTO | V14: =380*U12/2 -> 4370 | W14: =(V14*12) -> 52440
A15: III - Seguro de Vida - (Cláusula 26ª da CCT) - REEMBOLSO MEDIANTE APRESENTAÇÃO DE DOCUMENTO FISCAL DE PAGAMENTO | V15: =W15/12 -> 1217.5 | W15: 14610
A16: IV - FERRAMENTAS DE USO INDIVIDUAL - RESSARCIMENTO - Deverão ser disponibilizadas a cada profissional dos postos de trabalho de Técnico e Auxiliar de Manutenção Eletrônica - Subitem 10.47 do Termo de Referência. | V16: 355.61 | W16: =V16*12 -> 4267.32
A17: V - FERRAMENTA DE USO COLETIVO - RESSARCIMENTO - Deverão ser disponibilizadas aos profissionais dos postos de trabalho de Técnico e Auxiliar de Manutenção Eletrônica - Subitem 10.47 do Termo de Referência. | V17: 8.42 | W17: =V17*12 -> 101.04
A18: VI - Hora suplementar | V18: =W18/12 -> 1000 | W18: 12000
A19: Subtotal 2 | V19: =SUM(V13:V18) -> 7951.53 | W19: =SUM(W13:W18) -> 95418.36
A20: TOTAL- Somatório do Subtotal 1 e do Subtotal 2 | V20: =V12+V19 -> #REF! | W20: =W12+W19 -> #REF!
B22: Página 10 de 11

Sheet ANEXO II
M1: ANEXO II DO QUINTO TERMO ADITIVO DO CONTRATO Nº 83/2011, DE PRESTAÇÃO DE SERVIÇOS DE APOIO ADMINISTRATIVO NAS ÁREAS DE OPERAÇÃO E MANUTENÇÃO CORRETIVA E PREVENTIVA EM EQUIPAMENTOS DE ÁUDIO E VÍDEO, QUE ENTRE SI CELEBRAM A UNIÃO, POR INTERMÉDIO DO SUPREMO TRIBUNAL FEDERAL, E A EMPRESA JME SERVIÇOS INTEGRADOS E EQUIPAMENTOS LTDA ME. (Pregão Presencial Nº 113/2011 – Processo 346.371).
A2: CÁLCULO DE HORAS E DIAS ÚTEIS NO PERÍODO DE 1/12/2013 A 30/11/2014
A3: MÊS | B3: Nº DE DIAS de 2ª a 5ª Feira | C3: Nº DE 6ª FEIRAS | D3: Nº DE SÁBADOS | E3: Nº DE DOMINGOS E FERIADOS | F3: Nº DE FERIADOS FORENSES | G3: 36 horas semanais | H3: 44 horas semanais | J3: CÁLCULO BDI - Não Cumulativa
J4: DESCRIÇÃO | M4: %
J5: TAXA DE ADMINISTRAÇÃO | L5: A | M5: 0.05
A6: 41609 | B6: 17 | C6: 4 | D6: 4 | E6: 5 | F6: 1 | G6: 135 | H6: 159 | J6: TAXA DE LUCRO BRUTO | L6: B | M6: 0.1
A7: 41640 | B7: 17 | C7: 5 | D7: 4 | E7: 5 | F7: 0 | G7: 110 | H7: 110 | J7: TRIBUTOS: | L7: C | M7: 0.0865
A8: 41671 | B8: 16 | C8: 4 | D8: 4 | E8: 4 | F8: 0 | G8: 144 | H8: 176 | K8: ISS | M8: 0.05
A9: 41699 | B9: 15 | C9: 4 | D9: 5 | E9: 6 | F9: 1 | G9: 135 | H9: 163 | K9: COFINS | M9: 0.03
A10: 41730 | B10: 15 | C10: 3 | D10: 4 | E10: 6 | F10: 2 | G10: 129 | H10: 159 | K10: PIS | M10: 0.0065
A11: 41760 | B11: 16 | C11: 5 | D11: 5 | E11: 5 | F11: 0 | G11: 152 | H11: 184 | J11: TOTAL DO BDI | M11: 0.2644
A12: 41791 | B12: 16 | C12: 4 | D12: 4 | E12: 6 | F12: 0 | G12: 144 | H12: 176 | J12: Fórmula do BDI
A13: 41821 | B13: 19 | C13: 4 | D13: 4 | E13: 4 | F13: 0 | G13: 115 | H13: 115 | J13: BDI = (1 + A) x (1 + B) - 1
A14: 41852 | B14: 15 | C14: 5 | D14: 5 | E14: 5 | F14: 1 | G14: 145 | H14: 175 | J14: Onde: (1 - C)
A15: 41883 | B15: 18 | C15: 4 | D15: 4 | E15: 4 | F15: 0 | G15: 158 | H15: 194 | J15: A = Taxa de Despesas Administrativas;
A16: 41913 | B16: 17 | C16: 5 | D16: 4 | E16: 4 | F16: 1 | G16: 159 | H16: 193 | J16: B = Taxa do Lucro Bruto; e
A17: 41944 | B17: 16 | C17: 4 | D17: 3 | E17: 6 | F17: 1 | G17: 144 | H17: 176 | J17: C = Taxa dos Tributos
B18: 197 | C18: 51
A19: DIAS ÚTEIS | B19: 248
A20: TOTAL DE HORAS DE FUNCIONAMENTO NO PERÍODO | G20: 1670 | H20: 1980
A21: Possibilidade de redução de carga horária nos meses de julho, dezembro (período de 20 a 31), janeiro e fevereiro.
A22: CÁLCULO DO VALE TRANSPORTE
A23: Posto de trabalho | B23: Salário | C23: 12 meses (12 * salário) | D23: Dias úteis no ano | E23: Resultado (12 meses /dias úteis) | F23: 6% * resultado | G23: Dias Trabalhados no ano | H23: Participação funcionário (anual)
A25: Operação de Áudio e Vídeo | B25: 1808.14 | C25: 21697.68 | D25: 248 | E25: 87.49 | F25: 5.25 | G25: 248 | H25: 1302
A27: Técnico de Manutenção Eletrônica | B27: 2399.15 | C27: 28789.8 | D27: 248 | E27: 116.09 | F27: 6.97 | G27: 248 | H27: 1728.56
A29: Auxilio Técnico de Manutenção Eletrônica | B29: 1639.63 | C29: 19675.56 | D29: 248 | E29: 79.34 | F29: 4.76 | G29: 248 | H29: 1180.48
A31: Supervisão | B31: 3066.1 | C31: 36793.2 | D31: 248 | E31: 148.36 | F31: 8.9 | G31: 248 | H31: 2207.2
A35: Posto de trabalho | B35: Valor unitário do vale | C35: Quantidade diária | D35: Dias úteis no ano | E35: Resultado | F35: Participação do funcionário (anual) | G35: Participação da empresa (anual) | H35: participação da empresa (mensal)
A37: Operação de Áudio e Vídeo | B37: 4.5 | C37: 2 | D37: 248 | E37: 2232 | F37: 1302 | G37: 930 | H37: 77.5
A38: Técnico de Manutenção Eletrônica | B38: 4.5 | C38: 2 | D38: 248 | E38: 2232 | F38: 1728.56 | G38: 503.44 | H38: 41.95
A39: Auxilio Técnico de Manutenção Eletrônica | B39: 4.5 | C39: 2 | D39: 248 | E39: 2232 | F39: 1180.48 | G39: 1051.52 | H39: 87.63
A40: Supervisão | B40: 4.5 | C40: 2 | D40: 248 | E40: 2232 | F40: 2207.2 | G40: 24.8 | H40: 2.07

Sheet Planilha de formação de preços
B2: PLANILHA ESTIMATIVA DE CUSTOS
B3: Posto de Trabalho | D3: Carga Horária do posto de trabalho | E3: Convenção Coletiva de Trabalho | F3: MONTANTE "A" | J3: MONTANTE "B" | M3: Somatório Montantes "A" e "B" | N3: BDI Calculado sobre o somatório dos Montantes "A" e "B" | O3: Total unitário mensal do posto de trabalho | P3: Total unitário anual do posto de trabalho | Q3: Quantidade de profissionais por posto de trabalho | R3: Total mensal estimado da Contratação | S3: Total anual estimado da contratação
F4: Salário | G4: Remuneração | H4: Encargos Sociais | I4: Total unitário montante "A" | J4: Auxílio Alimentação | K4: Valor do vale transporte mensal - parte da empresa | L4: Total unitário montante "B" | R4: Previsão Mensal Inicial | S4: Previsão Mensal Total
P6: 12
H7: ='ENCARGOS SOCIAIS'!C40 -> 0.717 | N7: ='ENCARGOS SOCIAIS'!J30 -> 0.3102 | P7: meses
B8: Operador de Mídias audiovisuais (3731-05) | D8: 36 horas | E8: SINRAD/SEAC com vigência de 1° de janeiro a 31/12/2022 | F8: 5827.22 | G8: =F8 -> 5827.22 | H8: =G8*$H$7 -> 4178.12 | I8: =SUM(G8:H8) -> 10005.34 | J8: ='Horas VT, VR'!P6 -> 790.53 | K8: ='Horas VT, VR'!I32 -> 0 | L8: =J8+K8 -> 790.53 | M8: =I8+L8 -> 10795.87 | N8: =M8*$N$7 -> 3348.88 | O8: =M8+N8 -> 14144.75 | P8: =O8*$P$6 -> 169737 | Q8: 10 | R8: =Q8*O8 -> 141447.5 | S8: =R8*12 -> 1697370
B9: Editor de mídias audiovisuais (3744-05) | D9: 36 horas | F9: 7125.45 | G9: =F9 -> 7125.45 | H9: =G9*$H$7 -> 5108.95 | I9: =SUM(G9:H9) -> 12234.4 | J9: ='Horas VT, VR'!P7 -> 790.53 | K9: ='Horas VT, VR'!I33 -> 0 | L9: =J9+K9 -> 790.53 | M9: =I9+L9 -> 13024.93 | N9: =M9*$N$7 -> 4040.33 | O9: =M9+N9 -> 17065.26 | P9: =O9*$P$6 -> 204783.12 | Q9: 4 | R9: =Q9*O9 -> 68261.04 | S9: =R9*12 -> 819132.48
B10: Técnico de sistemas audiovisuais (3731-30) | D10: 36 horas | F10: 5995.85 | G10: =F10 -> 5995.85 | H10: =G10*$H$7 -> 4299.02 | I10: =SUM(G10:H10) -> 10294.87 | J10: ='Horas VT, VR'!P8 -> 790.53 | K10: ='Horas VT, VR'!I34 -> 0 | L10: =J10+K10 -> 790.53 | M10: =I10+L10 -> 11085.4 | N10: =M10*$N$7 -> 3438.69 | O10: =M10+N10 -> 14524.09 | P10: =O10*$P$6 -> 174289.08 | Q10: 2 | R10: =Q10*O10 -> 29048.18 | S10: =R10*12 -> 348578.16
B11: Supervisor Técnico (3732-30) | D11: 44 horas | F11: 10178.28 | G11: =F11 -> 10178.28 | H11: =G11*$H$7 -> 7297.83 | I11: =SUM(G11:H11) -> 17476.11 | J11: ='Horas VT, VR'!P9 -> 790.53 | K11: ='Horas VT, VR'!I35 -> 0 | L11: =J11+K11 -> 790.53 | M11: =I11+L11 -> 18266.64 | N11: =M11*$N$7 -> 5666.31 | O11: =M11+N11 -> 23932.95 | P11: =O11*$P$6 -> 287195.4 | Q11: 1 | R11: =Q11*O11 -> 23932.95 | S11: =R11*12 -> 287195.4
B12: Subtotal 1 | I12: =SUM(I8:I11) -> 50010.72 | L12: =SUM(L8:L11) -> 3162.12 | M12: =SUM(M8:M11) -> 53172.84 | Q12: =SUM(Q8:Q11) -> 17 | R12: =SUM(R8:R11) -> 262689.67 | S12: =SUM(S8:S11) -> 3152276
B13: I - AUXÍLIO-CRECHE - RESSARCIMENTO - SÓ PODERÁ SER ALTERADO PELA LICITANTE EM CASO DE ADOÇÃO DE OUTRA CCT | P13: Quantidade | Q13: Valor unitário | R13: Valor Mensal | S13: Valor anual
P14: 1 | Q14: 494.06 | R14: =P14*Q14 -> 494.06 | S14: =R14*P6 -> 5928.72
B15: II - SEGURO DE VIDA - RESSARCIMENTO - SÓ PODERÁ SER ALTERADO PELA LICITANTE EM CASO DE ADOÇÃO DE OUTRA CCT | P15: Quantidade | Q15: Valor unitário | R15: Valor Mensal | S15: Valor anual
P16: =Q12 -> 17 | Q16: 3 | R16: =P16*Q16 -> 51 | S16: =R16*P6 -> 612
B17: III - AUXÍLIO SAÚDE - RESSARCIMENTO - SÓ PODERÁ SER ALTERADO PELA LICITANTE EM CASO DE ADOÇÃO DE OUTRA CCT | P17: Quantidade | Q17: Valor unitário | R17: Valor Mensal | S17: Valor anual
P18: =Q12 -> 17 | Q18: 221.88 | R18: =Q18*P18 -> 3771.96 | S18: =R18*P6 -> 45263.52
B19: IV - FERRAMENTAS DE USO INDIVIDUAL - RESSARCIMENTO - VALOR MÁXIMO ADMITIDO - PODERÁ SER ALTERADO PELA LICITANTE | P19: Quantidade | Q19: Valor unitário | R19: Valor Mensal | S19: Valor anual
P20: N/A | Q20: N/A | R20: =S20/P6 -> 249.07 | S20: ='Ferramentas Individuais'!J18 -> 2988.78
B21: V - UNIFORME - RESSARCIMENTO - VALOR MÁXIMO ADMITIDO - PODERÁ SER ALTERADO PELA LICITANTE | P21: Quantidade | Q21: Valor Unitário mensal | R21: Valor Total Mensal | S21: Valor anual
P22: =Q12 -> 17 | Q22: =Uniforme!E21 -> 256.67 | R22: =S22/P6 -> 4363.39 | S22: =P22*Q22*P6 -> 52360.68
B23: VI - PEÇAS DE REPOSIÇÃO - RESSARCIMENTO - PODERÁ SER ALTERADO PELA LICITANTE (O desconto ofertado para este item será aplicado em eventual pagamento de substituição de peças na forma do subitem 6.5.6 do Termo de Referência - Anexo I do Edital). | P23: Quantidade | Q23: Valor unitário | R23: Valor Mensal | S23: Valor anual
P24: N/A | Q24: N/A | R24: =S24/P6 -> 4577.37 | S24: 54928.48
B25: Subtotal 2 | R25: =SUM(R14+R16+R18+R20+R22+R24) -> 13506.85 | S25: =SUM(S14+S16+S18+S20+S22+S24) -> 162082.18
B26: TOTAL- Somatório do Subtotal 1 e do Subtotal 2 | R26: =R12+R25 -> 276196.52 | S26: =S12+S25 -> 3314358.2

Sheet ENCARGOS SOCIAIS
A1: PLANILHA DE COMPOSIÇÃO DOS PERCENTUAIS | F1: PERCENTUAIS PARA CONTIGENCIAMENTO DE ENCARGOS TRABALHISTAS
A2: MÁXIMOS DE ENCARGOS SOCIAIS
A4: Item | B4: Título | C4: R A T/FAP (*) | F4: Item | G4: 1 ° ANO | H4: A partir do 2° ano
C5: 0.03 | D5: 2
A7: Grupo "A" | C7: % | F7: Grupo "A" | G7: =C16 -> 0.398 | H7: =C16 -> 0.398
A8: 1 | B8: PREVIDÊNCIA SOCIAL - PODERÁ SER ALTERADO | C8: 0.2 | F8: TÍTULO | G8: % | H8: %
A9: 2 | B9: SESI / SESC - NÃO PODERÁ SER ALTERADO | C9: 0.015 | F9: 13º SALÁRIO | G9: =C19 -> 0.0833 | H9: =D19 -> 0.0909
A10: 3 | B10: SENAI / SENAC - NÃO PODERÁ SER ALTERADO | C10: 0.01 | F10: FÉRIAS | G10: =C20 -> 0.0833 | H10: =D20 -> 0.0909
A11: 4 | B11: INCRA - NÃO PODERÁ SER ALTERADO | C11: 0.002 | F11: Subtotal | G11: =SUM(G9:G10) -> 0.1666 | H11: =SUM(H9:H10) -> 0.1818
A12: 5 | B12: SALÁRIO EDUCAÇÃO - NÃO PODERÁ SER ALTERADO | C12: 0.025 | F12: INCIDÊNCIA GRUPO "A" (*) | G12: =G11*(G7) -> 0.0663 | H12: =H11*(H7) -> 0.0724
A13: 6 | B13: F G T S - NÃO PODERÁ SER ALTERADO | C13: 0.08 | F13: ABONO DE FÉRIAS | G13: =C21 -> 0.0278 | H13: =D21 -> 0.0303
A14: 7 | B14: RISCO ACIDENTE DE TRABALHO AJUSTADO (**) | C14: =C5*D5 -> 0.06 | F14: FGTS RECISÕES SEM JUSTA CAUSA | G14: =C32 -> 0.0288 | H14: =C32 -> 0.0288
A15: 8 | B15: SEBRAE - NÃO PODERÁ SER ALTERADO | C15: 0.006 | F15: A CONTINGENCIAR | G15: =SUM(G11:G14) -> 0.2895 | H15: =SUM(H11:H14) -> 0.3133
A16: Total do Grupo "A" | C16: =SUM(C8:C15) -> 0.398
A18: Grupo B | C18: 1 º Ano | D18: A partir do 2° ano
A19: 9 | B19: 13º SALÁRIO - NÃO PODERÁ SER ALTERADO (***) | C19: 0.0833 | D19: 0.0909 | F19: CUSTOS INDIRETOS, TRIBUTO E LUCRO - CTIL
A20: 10 | B20: FÉRIAS - NÃO PODERÁ SER ALTERADO (***) | C20: 0.0833 | D20: 0.0909 | F20: TRIBUTAÇÃO | I20: Cumulativa | J20: Não Cumulativa
A21: 11 | B21: ABONO DE FÉRIAS - NÃO PODERÁ SER ALTERADO (***) | C21: 0.0278 | D21: 0.0303
A22: 12 | B22: AUXÍLIO DOENÇA - PODERÁ SER ALTERADO | C22: 0.0139 | F22: DESCRIÇÃO | I22: % | J22: %
A23: 13 | B23: LICENÇA PATERNIDADE - PODERÁ SER ALTERADO | C23: 0.0002 | F23: TAXA DE ADMINISTRAÇÃO* | H23: A | I23: 0.05 | J23: 0.05
A24: 14 | B24: FALTAS LEGAIS - PODERÁ SER ALTERADO | C24: 0.0028 | F24: TAXA DE LUCRO BRUTO* | H24: B | I24: 0.07 | J24: 0.07
A25: 15 | B25: ACIDENTE DO TRABALHO - PODERÁ SER ALTERADO | C25: 0.0003 | F25: TRIBUTOS: | H25: C | I25: =SUM(I26:I29) -> 0.0865 | J25: =SUM(J26:J29) -> 0.1425
A26: Total do Grupo "B" | C26: =SUM(C19:C21)+SUM(C22:C25) -> 0.2116 | D26: =SUM(D19:D21)+SUM(C22:D25) -> 0.2293 | H26: ISS | I26: 0.05 | J26: 0.05
H27: COFINS | I27: 0.03 | J27: 0.076
A28: Grupo C | C28: % | H28: PIS | I28: 0.0065 | J28: 0.0165
A29: 16 | B29: AVISO PRÉVIO INDENIZADO - PODERÁ SER ALTERADO | C29: 0.0042 | H29: CPRB** | I29: 0 | J29: 0
A30: 17 | B30: AVISO PRÉVIO - PODERÁ SER ALTERADO | C30: 0.0004 | F30: TOTAL DO BDI | I30: =(((1+I23)*(1+I24))/(1-I25))-1 -> 0.2299 | J30: =(((1+J23)*(1+J24))/(1-J25))-1 -> 0.3102
A31: 18 | B31: INDENIZAÇÃO ADICIONAL - PODERÁ SER ALTERADO | C31: 0.0008 | F31: Fórmula do CITL
A32: 19 | B32: FGTS RECISÕES SEM JUSTA CAUSA - PODERÁ SER ALTERADO | C32: 0.0288
A33: Total do Grupo "C" | C33: =SUM(C29:C32) -> 0.0342 | F33: Onde:
F34: A = Taxa de Despesas Administrativas;
A35: Grupo D | C35: % | F35: B = Taxa do Lucro Bruto; e
A36: 20 | B36: INCIDÊNCIA DE A SOBRE B | C36: =C16*(C26-C21) -> 0.0732 | D36: =C16*(D26-D21) -> 0.0792 | F36: C = Taxa dos Tributos
A37: Total do Grupo "D" | C37: =SUM(C36) -> 0.0732 | D37: =SUM(D36) -> 0.0792 | F37: * Incluem custo com salário, encargos e auxílios do preposto
F38: **Contribuição Previdenciária sobre a Receita Bruta - lei 12.546/2011
A39: Total dos Encargos Sociais | C39: 1° Ano | D39: A partir do 2° ano
C40: =SUM(C16+C26+C33+C37) -> 0.717 | D40: =SUM(C16+D26+C33+D37) -> 0.7407
A43: (*) Risco Acidente de Trabalho/Fator Acidentário de Prevenção
A44: (**) Variação das alíquotas de 0,5% a 6% de RAT, devido a incidência do FAP
A45: (***) Em caso de ausência de cobertura de férias, deverá ser alterado o divisor para 11 meses, à partir do segundo ano do contrato

Sheet Horas VT, VR
B2: PLANILHA DE HORAS ANUAIS 01/06/2022 A 31/05/2023
B3: Período | C3: Dias da Semana | H3: Quantidade de horas úteis por mês | K3: AUXÍLIO-ALIMENTAÇÃO
C4: Nº de Segundas a Quintas | D4: Nº de Sextas | E4: Nº de Sábados | F4: Nº de Domingos e Feriados | G4: Nº de Feriados Forenses | H4: 36 horas semanais | I4: 44 horas semanais | K4: Posto de Trabalho | L4: Valor Unitário | M4: Coparticipação funcionário (por dia) Poderá ser alterado de acordo com o PAT | N4: Dias Úteis | O4: Total período | P4: Total Mensal
B5: 44713 | C5: 17 | D5: 4 | E5: 4 | F5: 5 | G5: 0 | H5: 151 | I5: 185 | M5: 0
B6: 44743 | C6: 16 | D6: 5 | E6: 5 | F6: 5 | G6: 0 | H6: 152 | I6: 184 | K6: Operador de Mídias audiovisuais (3731-05) | L6: 38.72 | M6: =L6-$M$5 -> 38.72 | N6: =$C$18 -> 245 | O6: =M6*N6 -> 9486.4 | P6: =O6/'Planilha de formação de preços'!$P$6 -> 790.53
B7: 44774 | C7: 18 | D7: 4 | E7: 4 | F7: 4 | G7: 1 | H7: 158 | I7: 194 | K7: Editor de mídias audiovisuais (3744-05) | L7: 38.72 | M7: =L7-$M$5 -> 38.72 | N7: =$C$18 -> 245 | O7: =M7*N7 -> 9486.4 | P7: =O7/'Planilha de formação de preços'!$P$6 -> 790.53
B8: 44805 | C8: 16 | D8: 5 | E8: 4 | F8: 5 | G8: 0 | H8: 152 | I8: 184 | K8: Técnicop de sistemas audiovisuais | L8: 38.72 | M8: =L8-$M$5 -> 38.72 | N8: =$C$18 -> 245 | O8: =M8*N8 -> 9486.4 | P8: =O8/'Planilha de formação de preços'!$P$6 -> 790.53
B9: 44835 | C9: 16 | D9: 3 | E9: 5 | F9: 6 | G9: 1 | H9: 136 | I9: 168 | K9: Supervisor Técnico | L9: 38.72 | M9: =L9-$M$5 -> 38.72 | N9: =$C$18 -> 245 | O9: =M9*N9 -> 9486.4 | P9: =O9/'Planilha de formação de preços'!$P$6 -> 790.53
B10: 44866 | C10: 15 | D10: 4 | E10: 4 | F10: 6 | G10: 1 | H10: 137 | I10: 167
B11: 44896 | C11: 16 | D11: 5 | E11: 5 | F11: 4 | G11: 1 | H11: 152 | I11: 184
B12: 44927 | C12: 18 | D12: 4 | E12: 4 | F12: 5 | G12: 0 | H12: 158 | I12: 194
B13: 44958 | C13: 14 | D13: 4 | E13: 4 | F13: 5 | G13: 1 | H13: 130 | I13: 158 | K13: CÁLCULO DO VALOR DA HORA - 1º ANO
B14: 44986 | C14: 18 | D14: 5 | E14: 4 | F14: 4 | G14: 0 | H14: 166 | I14: 202 | K14: Postos de Trabalho | M14: Valor Mensal | N14: Divisor | O14: Valor da Hora
B15: 45017 | C15: 14 | D15: 2 | E15: 5 | F15: 7 | G15: 2 | H15: 114 | I15: 142
B16: 45047 | C16: 18 | D16: 4 | E16: 4 | F16: 5 | G16: 0 | H16: 158 | I16: 194 | K16: Operador de Mídias audiovisuais | L16: 36 horas | M16: ='Planilha de formação de preços'!O8 -> 14144.75 | N16: 180 | O16: =M16/N16 -> 78.58
B17: DIAS ÚTEIS | C17: =SUM(C5:C16) -> 196 | D17: =SUM(D5:D16) -> 49 | K17: Editor de mídias audiovisuais (3744-05) | L17: 36 horas | M17: ='Planilha de formação de preços'!O9 -> 17065.26 | N17: 180 | O17: =M17/N17 -> 94.81
B18: Total de dias úteis | C18: =SUM(C17+D17) -> 245 | K18: Técnico de sistemas audiovisuais | L18: 36 horas | M18: ='Planilha de formação de preços'!O10 -> 14524.09 | N18: 180 | O18: =M18/N18 -> 80.69
B19: Total de horas anuais | H19: =SUM(H5:H17) -> 1764 | I19: =SUM(I5:I17) -> 2156 | K19: Supervisor Técnico | L19: 44 horas | M19: ='Planilha de formação de preços'!O11 -> 23932.95 | N19: 220 | O19: =M19/N19 -> 108.79
B22: AUXÍLIO-TRANSPORTE
B23: Posto de trabalho | C23: Salário | D23: 12 meses (12 * salário) | E23: Dias úteis no período | F23: Resultado (12 meses /dias úteis) | G23: 6% * resultado | H23: Dias Trabalhados no ano | I23: Participação funcionário (anual)
B25: ='Planilha de formação de preços'!B8 -> Operador de Mídias audiovisuais (3731-05) | C25: ='Planilha de formação de preços'!F8 -> 5827.22 | D25: =C25*'Planilha de formação de preços'!$P$6 -> 69926.64 | E25: =$C$18 -> 245 | F25: =D25/E25 -> 285.41 | G25: =F25*0.06 -> 17.12 | H25: =$C$18 -> 245 | I25: =H25*G25 -> 4194.4
B26: ='Planilha de formação de preços'!B9 -> Editor de mídias audiovisuais (3744-05) | C26: ='Planilha de formação de preços'!F9 -> 7125.45 | D26: =C26*'Planilha de formação de preços'!$P$6 -> 85505.4 | E26: =$C$18 -> 245 | F26: =D26/E26 -> 349 | G26: =F26*0.06 -> 20.94 | H26: =$C$18 -> 245 | I26: =H26*G26 -> 5130.3
B27: ='Planilha de formação de preços'!B10 -> Técnico de sistemas audiovisuais (3731-30) | C27: ='Planilha de formação de preços'!F10 -> 5995.85 | D27: =C27*'Planilha de formação de preços'!$P$6 -> 71950.2 | E27: =$C$18 -> 245 | F27: =D27/E27 -> 293.67 | G27: =F27*0.06 -> 17.62 | H27: =$C$18 -> 245 | I27: =H27*G27 -> 4316.9
B28: ='Planilha de formação de preços'!B11 -> Supervisor Técnico (3732-30) | C28: ='Planilha de formação de preços'!F11 -> 10178.28 | D28: =C28*'Planilha de formação de preços'!$P$6 -> 122139.36 | E28: =$C$18 -> 245 | F28: =D28/E28 -> 498.53 | G28: =F28*0.06 -> 29.91 | H28: =$C$18 -> 245 | I28: =H28*G28 -> 7327.95
B30: Posto de trabalho | C30: Valor unitário do vale | D30: Quantidade diária | E30: Dias úteis no ano | F30: Resultado | G30: Participação do funcionário (período) | H30: Participação da empresa (período) | I30: participação da empresa (mensal)
B32: =B25 -> Operador de Mídias audiovisuais (3731-05) | C32: 5.5 | D32: 2 | E32: =$C$18 -> 245 | F32: =E32*D32*C32 -> 2695 | G32: =I25 -> 4194.4 | H32: =IF(F32-G32<=0,0,F32-G32) -> 0 | I32: =H32/'Planilha de formação de preços'!$P$6 -> 0
B33: =B26 -> Editor de mídias audiovisuais (3744-05) | C33: 5.5 | D33: 2 | E33: =$C$18 -> 245 | F33: =E33*D33*C33 -> 2695 | G33: =I26 -> 5130.3 | H33: =IF(F33-G33<=0,0,F33-G33) -> 0 | I33: =H33/'Planilha de formação de preços'!$P$6 -> 0
B34: =B27 -> Técnico de sistemas audiovisuais (3731-30) | C34: 5.5 | D34: 2 | E34: =$C$18 -> 245 | F34: =E34*D34*C34 -> 2695 | G34: =I27 -> 4316.9 | H34: =IF(F34-G34<=0,0,F34-G34) -> 0 | I34: =H34/'Planilha de formação de preços'!$P$6 -> 0
B35: =B28 -> Supervisor Técnico (3732-30) | C35: 5.5 | D35: 2 | E35: =$C$18 -> 245 | F35: =E35*D35*C35 -> 2695 | G35: =I28 -> 7327.95 | H35: =IF(F35-G35<=0,0,F35-G35) -> 0 | I35: =H35/'Planilha de formação de preços'!$P$6 -> 0

Sheet Ferramentas Individuais
B1: FERRAMENTAS QUE DEVERÃO SER DISPONIBILIZADAS AOS PROFISSIONAIS DOS POSTOS DE TRABALHO DE TÉCNICO DE SISTEMAS AUDIOVISUAIS.
B3: Item | C3: Especificação | D3: Unidade | E3: Valor unitário máximo admitido | F3: Quantidade anual sugerida | G3: Valor total máximo admitido | H3: Vida útil do equipamento (anos) | I3: Taxa Anual de Depreciação | J3: Valor máximo anual a ser ressarcido considerando a depreciação
B5: 1 | C5: Bolsa em lona para ferramentas 18polegadas com compartimentos | D5: Unidade | E5: 799 | F5: 2 | G5: =E5*F5 -> 1598 | H5: 5 | I5: 0.2 | J5: =G5/H5 -> 319.6
B6: 2 | C6: Alicate de corte diagonal 5 a 6 polegadas | D6: Unidade | E6: 89 | F6: 2 | G6: =E6*F6 -> 178 | H6: 5 | I6: 0.2 | J6: =G6/H6 -> 35.6
B7: 3 | C7: Alicate de bico meia cana longo | D7: Unidade | E7: 99.9 | F7: 2 | G7: =E7*F7 -> 199.8 | H7: 5 | I7: 0.2 | J7: =G7/H7 -> 39.96
B8: 4 | C8: Alicate de compressão RG6 | D8: Unidade | E8: 81 | F8: 2 | G8: =E8*F8 -> 162 | H8: 5 | I8: 0.2 | J8: =G8/H8 -> 32.4
B9: 5 | C9: Alicate de compressão RG11 | D9: Unidade | E9: 122.5 | F9: 2 | G9: =E9*F9 -> 245 | H9: 5 | I9: 0.2 | J9: =G9/H9 -> 49
B10: 6 | C10: *Alicate de crimpar BNC BB3PhHCT Belden (pressão) | D10: Unidade | E10: 4798.4 | F10: 2 | G10: =E10*F10 -> 9596.8 | H10: 5 | I10: 0.2 | J10: =G10/H10 -> 1919.36
B11: 7 | C11: Alicate crimpador com catraca para BNC ou TNC 1.7 a 6.5mm | D11: Unidade | E11: 159.8 | F11: 2 | G11: =E11*F11 -> 319.6 | H11: 5 | I11: 0.2 | J11: =G11/H11 -> 63.92
B12: 8 | C12: Alicate de compressão para conector F | D12: Unidade | E12: 99.9 | F12: 2 | G12: =E12*F12 -> 199.8 | H12: 5 | I12: 0.2 | J12: =G12/H12 -> 39.96
B13: 9 | C13: Alicate automático ajustável desemcapador e crimpador de 8 polegadas | D13: Unidade | E13: 287.3 | F13: 2 | G13: =E13*F13 -> 574.6 | H13: 5 | I13: 0.2 | J13: =G13/H13 -> 114.92
B14: 10 | C14: Alicate de pressão 10 polegadas | D14: Unidade | E14: 99.9 | F14: 2 | G14: =E14*F14 -> 199.8 | H14: 5 | I14: 0.2 | J14: =G14/H14 -> 39.96
B15: 11 | C15: Alicate Universal profissional Eletricista | D15: Unidade | E15: 159.5 | F15: 2 | G15: =E15*F15 -> 319 | H15: 5 | I15: 0.2 | J15: =G15/H15 -> 63.8
B16: 12 | C16: Estação de solda | D16: Unidade | E16: 592.45 | F16: 2 | G16: =E16*F16 -> 1184.9 | H16: 5 | I16: 0.2 | J16: =G16/H16 -> 236.98
B17: 13 | C17: Ferro de solda | D17: Unidade | E17: 83.3 | F17: 2 | G17: =E17*F17 -> 166.6 | H17: 5 | I17: 0.2 | J17: =G17/H17 -> 33.32
B18: TOTAL MÁXIMO ADMITIDO | J18: =SUM(J5:J17) -> 2988.78
B19: VALOR MENSAL MÁXIMO ADMITIDO - Considerando 2 profissionais | J19: =(J18)/12 -> 249.07

Sheet Uniforme
A1: UNIFORMES
A2: POSTO DE TRABALHO | B2: TOTAL DE PEÇAS ANUAIS | C2: UNIFORME MASCULINO | D2: VALOR UNITÁRIO | E2: VALOR TOTAL
A3: Todos os postos de trabalho para prestação de serviços técnicos especializados nas áreas de operação audiovisual, captação, edição e transmissão em broadcast de sinais de aúdio e vídeo. | B3: 2 | C3: Terno composto por paletó e calça social em tecido de cor escura, conforme especificação do termo de referência | D3: 899.9 | E3: =D3*B3 -> 1799.8
B4: 4 | C4: Camisa social, conforme especificação do termo de referência | D4: 160 | E4: =D4*B4 -> 640
B5: 2 | C5: Gravata - conforme espeficicação do termo de referência | D5: 49.9 | E5: =D5*B5 -> 99.8
B6: 2 | C6: Cinto, modelo social - conforme espeficicação do termo de referência | D6: 54.9 | E6: =D6*B6 -> 109.8
B7: 2 | C7: Calçado: Sapato tipo esporte fino - conforme espeficicação do termo de referência | D7: 180 | E7: =D7*B7 -> 360
B8: 4 | C8: Meia cor preta, conforme espeficicação do termo de referência | D8: 15 | E8: =D8*B8 -> 60
A9: Valor por profissional | E9: =SUM(E3:E8) -> 3069.4
A10: Valor por profissional mensal | E10: =E9/12 -> 255.78
A12: UNIFORMES
A13: POSTO DE TRABALHO | B13: TOTAL DE PEÇAS ANUAIS | C13: UNIFORME FEMININO | D13: VALOR UNITÁRIO | E13: VALOR TOTAL
A14: Todos os postos de trabalho para prestação de serviços técnicos especializados nas áreas de operação audiovisual, captação, edição e transmissão em broadcast de sinais de aúdio e vídeo. | B14: 2 | C14: Blazer, conforme especificação do termo de referência | D14: 400 | E14: =B14*D14 -> 800
B15: 2 | C15: Saia, conforme especificação do termo de referência | D15: 210 | E15: =B15*D15 -> 420
B16: 2 | C16: Calça Social Feminina conforme especificação do termo de referência | D16: 190 | E16: =B16*D16 -> 380
B17: 4 | C17: Blusa Social Feminina conforme especificação do termo de referência | D17: 160 | E17: =B17*D17 -> 640
B18: 4 | C18: Sapato Feminino conforme especificação do termo de referência | D18: 180 | E18: =B18*D18 -> 720
B19: 4 | C19: Meia Calça conforme especificação do termo de referência | D19: 30 | E19: =B19*D19 -> 120
A20: Valor por profissional | E20: =SUM(E14:E19) -> 3080
A21: Valor por profissional mensal | E21: =E20/12 -> 256.67

Sheet Cálculo Cobertura
C5: CÁLCULO DO PROFISSIONAL DE COBERTURA
C7: Postos de Trabalho | D7: MONTANTE "A" | J7: MONTANTE "B" | M7: Somatório Montantes "A" e "B" | N7: CITL Calculado sobre o somatório dos Montantes "A" e "B" | O7: Total unitário mensal do posto de trabalho | P7: Valor diário da cobertura | Q7: Valor da hora da cobertura
D8: Remuneração | E8: 13º Salário | F8: Férias | G8: Abono de férias | H8: Incidência do Módulo A sobre 13º Salário e Férias | I8: Total unitário Montante "A" | J8: Auxílio-Alimentação | K8: Auxílio-transporte - parte da empresa | L8: Total unitário Montante "B"
E11: 0.0833 | F11: 0.0833 | G11: 0.0278 | H11: 0.398 | J11: Valor Mensal | K11: Valor Mensal | N11: 0.3102
C12: Operador de Mídias audiovisuais (3731-05) | D12: ='Planilha de formação de preços'!G8 -> 5827.22 | E12: =D12*$E$11 -> 485.41 | F12: =D12*$F$11 -> 485.41 | G12: =D12*$G$11 -> 162 | H12: =($H$11*E12) + ($H$11*F12) -> 386.39 | I12: =D12+E12+G12+H12+F12 -> 7346.43 | J12: ='Planilha de formação de preços'!J8 -> 790.53 | K12: ='Planilha de formação de preços'!K8 -> 0 | L12: =J12+K12 -> 790.53 | M12: =I12+L12 -> 8136.96 | N12: =M12*$N$11 -> 2524.08 | O12: =M12+N12 -> 10661.04 | P12: =O12/30 -> 355.37 | Q12: =O12/180 -> 59.23
C13: Editor de mídias audiovisuais (3744-05) | D13: ='Planilha de formação de preços'!G9 -> 7125.45 | E13: =D13*$E$11 -> 593.55 | F13: =D13*$F$11 -> 593.55 | G13: =D13*$G$11 -> 198.09 | H13: =($H$11*E13) + ($H$11*F13) -> 472.47 | I13: =D13+E13+G13+H13+F13 -> 8983.11 | J13: ='Planilha de formação de preços'!J9 -> 790.53 | K13: ='Planilha de formação de preços'!K9 -> 0 | L13: =J13+K13 -> 790.53 | M13: =I13+L13 -> 9773.64 | N13: =M13*$N$11 -> 3031.78 | O13: =M13+N13 -> 12805.42 | P13: =O13/30 -> 426.85 | Q13: =O13/180 -> 71.14
C14: Técnicop de sistemas audiovisuais | D14: ='Planilha de formação de preços'!G10 -> 5995.85 | E14: =D14*$E$11 -> 499.45 | F14: =D14*$F$11 -> 499.45 | G14: =D14*$G$11 -> 166.68 | H14: =($H$11*E14) + ($H$11*F14) -> 397.56 | I14: =D14+E14+G14+H14+F14 -> 7558.99 | J14: ='Planilha de formação de preços'!J10 -> 790.53 | K14: ='Planilha de formação de preços'!K10 -> 0 | L14: =J14+K14 -> 790.53 | M14: =I14+L14 -> 8349.52 | N14: =M14*$N$11 -> 2590.02 | O14: =M14+N14 -> 10939.54 | P14: =O14/30 -> 364.65 | Q14: =O14/180 -> 60.78
C15: Supervisor Técnico | D15: ='Planilha de formação de preços'!G11 -> 10178.28 | E15: =D15*$E$11 -> 847.85 | F15: =D15*$F$11 -> 847.85 | G15: =D15*$G$11 -> 282.96 | H15: =($H$11*E15) + ($H$11*F15) -> 674.89 | I15: =D15+E15+G15+H15+F15 -> 12831.83 | J15: ='Planilha de formação de preços'!J11 -> 790.53 | K15: ='Planilha de formação de preços'!K11 -> 0 | L15: =J15+K15 -> 790.53 | M15: =I15+L15 -> 13622.36 | N15: =M15*$N$11 -> 4225.66 | O15: =M15+N15 -> 17848.02 | P15: =O15/30 -> 594.93 | Q15: =O15/220 -> 81.13
